 Dungeon Crawl Stone Soup version 0.28-a0-529-g3bad584f25 (webtiles) character file.

Game seed: 18254748416177226588

282 sanka the Changer (level 5, -5/39 HPs)
             Began as a Demigod Transmuter on Sept 24, 2021.
             Slain by Grinder (6 damage)
             ... on level 3 of the Dungeon.
             The game lasted 00:04:08 (3011 turns).

sanka the Changer (Demigod Transmuter)              Turns: 3011, Time: 00:04:08

Health: -5/39      AC:  2    Str: 11    XL:     5   Next: 78%
Magic:  9/10       EV: 19    Int: 25    God:
Gold:   79         SH:  0    Dex: 19    Spells: 2/8 levels left

rFire   . . .      SeeInvis .     - Unarmed
rCold   . . .      Faith    .   (shield currently unavailable)
rNeg    . . .      Spirit   .   (armour currently unavailable)
rPois   x          Reflect  .   (helmet currently unavailable)
rElec   .          Harm     .   (cloak currently unavailable)
rCorr   .          Rampage  .   (gloves currently unavailable)
Will    .....                   (boots currently unavailable)
Stlth   ++........              (no amulet)
HPRegen 0.13/turn               (no ring)
MPRegen 0.12/turn               c - +6 ring of intelligence

@: lethally poisoned (-5 -> -6), spider-form (expiring)
A: venomous fangs, tiny, high mp 1, forlorn
a: End Transformation


You were on level 3 of the Dungeon.
You were a venomous arachnid creature.
You visited 1 branch of the dungeon, and saw 3 of its levels.

You collected 79 gold pieces.


Innate Abilities, Weirdness & Mutations

You are a venomous arachnid creature.
You have poisonous fangs.
You are tiny and dextrous.
Your spellcasting is less reliable in this form.
Your armour is entirely melded.
You are incapable of wielding weapons or throwing items.
Your attributes grow dramatically as you level up.
You have an increased reservoir of magic. (+10% MP)
You shall have no god before yourself.


   Skills:
 - Level 0.8 Fighting
 - Level 1.7 Dodging
 - Level 2.6 Unarmed Combat
 - Level 2.0 Spellcasting
 + Level 5.8 Transmutations


You had 2 spell levels left.
You knew the following spells:

 Your Spells              Type           Power      Damage    Failure   Level
x - Spider Form           Tmut/Pois      8%         N/A       26%         3
y - Wereblood             Tmut           31%        N/A       7%          2
z - Beastly Appendage     Tmut           62%        N/A       5%          1

Your spell library contained the following spells:

 Spells                   Type           Power      Damage    Failure   Level
 Animate Skeleton         Necr           4%         N/A       26%         1
 Apportation              Tloc           4%         N/A       26%         1
 Summon Small Mammal      Summ           8%         N/A       26%         1
 Ice Form                 Ice/Tmut       17%        N/A       56%         4

Inventory:

Armour
 a - a +0 robe (melded)
Jewellery
 c - a +6 ring of intelligence (right front leg)
Wands
 n - a wand of acid (10)
Scrolls
 b - 2 scrolls of identify {unknown}
 e - 2 scrolls of immolation {unknown}
 h - a scroll of noise {unknown}
 i - 2 scrolls of teleportation {unknown}
 k - a scroll of brand weapon {unknown}
 m - a scroll of enchant weapon {unknown}
Potions
 d - a potion of lignification {unknown}
 f - 2 potions of curing {@q1}
 g - 3 potions of attraction {!q}
 j - a potion of might {unknown}
 l - a potion of resistance {unknown}

Dungeon Overview and Level Annotations

Branches:
Dungeon (3/15)

Annotations:
D:3 Grinder

▒▒▒▒.......♣
▒....5....P♣
▒.▒▒▒......♣
▒▒▒▒▒▒.▒
▒▒......♣
▒...†..▒
.▒▒....
▒.▒▒▒▒.▒ .▒
...
▒.▒b...▒▒▒ .▒
.▒ ▒†...P..(▒
.▒ ▒
▒s.P♣♣♣..▒▒.▒
▒5P.♣♣P♣..▒
▒▒.♣♣♣♣.P.▒
▒..♣♣♣...▒ ▒
▒▒.P♣....▒
▒▒▒.
▒▒......▒
....▒
▒▒▒▒▒.▒▒ ▒..♣
▒▒▒†▒ ♣P
▒...▒ ♣.


You could see Grinder (very poisoned) and a bat.


Message History

Grinder misses you. The bat hits you but does no damage.
You hit the adder.
The adder is poisoned.
The adder is heavily wounded.
You feel sick. The bat misses you. The adder completely misses you.
Grinder misses you.
Unknown command.
You hit the adder.
You kill the adder!
You feel sick. The bat closely misses you. Grinder barely misses you.
Unknown command.
You hit Grinder.
Grinder is almost dead.
You feel sick. The bat hits you.
* * * LOW HITPOINT WARNING * * *
Grinder misses you.
You hit Grinder but do no damage.
Grinder is almost dead.
* * * LOW HITPOINT WARNING * * *
You feel sick. The bat hits you.
* * * LOW HITPOINT WARNING * * *
Grinder hits you.
You die...

Action                   |  1- 3 |  4- 6 || total
-------------------------+-------+-------++-------
Melee: Unarmed           |    85 |    68 ||   153
       Headbutt          |     8 |     5 ||    13
       Kick              |    21 |     6 ||    27
       Punch             |       |     1 ||     1
 Cast: Beastly Appendage |    23 |     9 ||    32
       Spider Form       |     1 |     2 ||     3
  Use: Potion            |     2 |       ||     2
 Stab: Sleeping          |       |     1 ||     1
Armor: Robe              |    14 |    11 ||    25
       Skin              |       |     9 ||     9
Dodge: Dodged            |    53 |    74 ||   127

Levels and vault maps discovered:
D:1:      erik_arrival_orb_chamber, layout_loops_ring, minmay_3d_cube
D:2:      layout_loops_ring, shapermc_ecumenical_altar_mp_ritualfount,
          serial_glass, glass_columns_a, glass_columns_a, st_stairs_4,
          uniq_terence
D:3:      layout_loops_ring, marbit_many_paths, serial_forest,
          infiniplex_forest_lined_3_way, infiniplex_forest_clump_large,
          infiniplex_forest_straight_2, infiniplex_forest_clump_curved,
          infiniplex_forest_lined_4_way, infiniplex_forest_split,
          infiniplex_forest_clump_small, infiniplex_forest_clump_medium,
          infiniplex_forest_clump_large, uniq_grinder

Notes
Turn   | Place    | Note
-------+----------+-------------------------------------------
     0 | D:1      | sanka the Demigod Transmuter began the quest for the Orb.
     0 | D:1      | Reached XP level 1. HP: 15/15 MP: 5/5
   171 | D:1      | Reached skill level 2 in Spellcasting
   171 | D:1      | Reached skill level 2 in Transmutations
   212 | D:1      | Reached XP level 2. HP: 19/22 MP: 5/7
   738 | D:1      | Reached skill level 3 in Transmutations
  1353 | D:2      | Noticed Terence
  1360 | D:2      | Killed Terence
  1361 | D:2      | Reached XP level 3. HP: 18/27 MP: 6/8
  1458 | D:2      | Learned a level 2 spell: Wereblood
  1462 | D:2      | Learned a level 3 spell: Spider Form
  1842 | D:2      | Reached skill level 4 in Transmutations
  1855 | D:2      | Noticed an ogre
  1863 | D:2      | Killed an ogre
  1864 | D:2      | Reached XP level 4. HP: 34/34 MP: 5/9
  1959 | D:2      | Reached XP level 5. HP: 32/39 MP: 10/10
  2520 | D:3      | Reached skill level 5 in Transmutations
  2769 | D:3      | Noticed a black bear
  2779 | D:3      | Killed a black bear
  2979 | D:3      | Noticed Grinder
  3003 | D:3      | Paralysed by Grinder for 2 turns
  3010 | D:3      | HP: 3/39 [poisoned by an adder]
  3011 | D:3      | HP: 1/39 [bat (1)]
  3011 | D:3      | Slain by Grinder

Vanquished Creatures
  A black bear (D:3)
  An ogre (D:2)
  Terence (D:2)
  2 adders
  3 worms
  2 dart slugs
  7 bats
  4 endoplasms
  2 giant cockroaches
  6 goblins
  8 hobgoblins
  4 jackals (D:1)
  A quokka (D:2)
  5 ball pythons
  2 frilled lizards
  4 kobolds
  4 rats
57 creatures vanquished.

Vanquished Creatures (others)
  7 plants (D:3)
7 creatures vanquished.

Grand Total: 64 creatures vanquished
